WCHLSIM.com - West Coast Hockey League
html PUBLIC "-//W3C//DTD XHTML 1.0 Transitional//EN" "http://www.w3.org/TR/xhtml1/DTD/xhtml1-transitional.dtd"> WCHL - Game 430 - SALEM BLACK JAYS vs SEATTLE GRUNGE

SALEM BLACK JAYS vs SEATTLE GRUNGE

Created - 13 janvier 2021 at 21:56

Goals
1 2 3 T
SALEM BLACK JAYS 1 0 3 4
SEATTLE GRUNGE 0 0 0 0
Shots
1 2 3 T
SALEM BLACK JAYS 10 12 14 36
SEATTLE GRUNGE 14 4 12 30

1st period

1. SALEM BLACK JAYS , Casey Cizikas 4 (Martin Necas 2, Andreas Athanasiou 4) at 15:04

Penalties :
Travis Dermott (SAL) for Hooking (Minor) at 9:27, Vladislav Namestnikov (SEA) for High sticking (Minor) at 16:40

2nd period

No Goal

Penalties :
Scott Mayfield (SAL) for Interference (Minor) at 5:41, Cody Ceci (SAL) for Interference (Minor) at 8:30, Damon Severson (SEA) for Hooking (Minor) at 14:10

3rd period

2. SALEM BLACK JAYS , Dylan Larkin 12 (Cody Ceci 3, Mikko Rantanen 20) at 3:55
3. SALEM BLACK JAYS , Mitchell Marner 12 (Dylan Larkin 18) at 14:30 (PP)
4. SALEM BLACK JAYS , Mitchell Marner 13 (Jason Demers 7, Josh Leivo 12) at 18:18

Penalties :
Roman Josi (SEA) for Hooking (Minor) at 0:19, Filip Chytil (SAL) for Elbowing (Minor) at 6:37, David Savard (SEA) for Hooking (Minor) at 13:48, Nick Jensen (SAL) for Interference (Minor) at 15:51

Goalie Stats

Elvis Merzlikins (SAL), 30 saves from 30 shots - (1,000), W, 15-1-0, 60:00 minutes
Jimmy Howard (SEA), 32 saves from 36 shots - (0,889), L, 2-3-0, 60:00 minutes

Players Stats for SALEM BLACK JAYS

Player Name              G  A  P  +/- PIM S  H  SB GA TA FO     MP     PP MP  PK MP  
------------------------------------------------------------------------------------
Andreas Athanasiou       0  1  1   1  0   1  0  0  0  0  0/0    16:15   3:55   2:58 
Casey Cizikas            1  0  1   1  0   3  1  0  0  0  6/12   14:59   0:00   4:58 
Cody Ceci                0  1  1   3  2   0  2  2  0  0  0/0    23:00   3:11   3:19 
Dylan Larkin             1  1  2   1  0   3  1  0  0  0  11/20  17:52   3:55   1:10 
Filip Chytil             0  0  0   0  2   0  0  2  0  0  2/9     8:59   0:00   3:21 
Jason Demers             0  1  1   3  0   0  1  0  0  0  0/0    20:09   0:00   4:32 
Josh Leivo               0  1  1   1  0   1  3  0  0  0  0/1    17:43   2:44   0:00 
Joshua Morrissey         0  0  0   0  0   0  0  0  0  0  0/0    18:40   3:28   1:18 
Martin Necas             0  1  1   1  0   2  0  0  0  0  1/1     9:22   0:00   0:00 
Mathew Barzal            0  0  0   1  0   3  3  1  0  0  9/24   17:55   2:44   0:12 
Matthew Calvert          0  0  0   1  0   4  1  0  0  0  1/3    15:57   0:00   2:31 
Matthew Highmore         0  0  0   0  0   1  1  0  0  0  0/0    11:06   0:00   5:27 
Mikko Rantanen           0  1  1   1  0   7  0  0  0  0  1/1    16:10   2:44   0:00 
Mitchell Marner          2  0  2   1  0   10 1  0  0  0  0/1    18:54   3:55   0:00 
Nick Jensen              0  0  0   0  2   0  0  2  0  0  0/0    16:27   0:00   3:27 
Par Lindholm             0  0  0   0  0   0  0  0  0  0  0/0     5:39   0:00   0:00 
Scott Mayfield           0  0  0   0  2   1  2  3  0  0  0/0    22:58   3:11   5:00 
Travis Dermott           0  0  0   0  2   0  0  0  0  0  0/0    17:55   3:28   1:27 

Players Stats for SEATTLE GRUNGE

Player Name              G  A  P  +/- PIM S  H  SB GA TA FO     MP     PP MP  PK MP  
------------------------------------------------------------------------------------
Carl Hagelin             0  0  0  -1  0   0  1  0  0  0  0/0    13:30   0:00   1:08 
Chris Tierney            0  0  0  -1  0   5  0  0  0  0  13/23  17:32   4:25   0:00 
Damon Severson           0  0  0  -1  2   3  3  0  0  0  0/0    22:56   5:09   2:16 
David Savard             0  0  0  -1  2   2  3  1  0  0  0/0    22:07   4:46   2:52 
Jason Spezza             0  0  0  -1  0   0  0  0  0  0  4/7     7:06   0:00   3:09 
Josh Bailey              0  0  0  -1  0   3  0  0  0  0  1/1    22:20   5:56   3:17 
Marcus Sorensen          0  0  0  -1  0   0  0  0  0  0  0/0    12:22   0:00   0:00 
Matthew Grzelcyk         0  0  0  -1  0   0  0  0  0  0  0/0    13:24   0:00   0:00 
Mike Hoffman             0  0  0   0  0   3  1  0  0  0  0/2    19:30   5:30   0:00 
Morgan Geekie            0  0  0  -1  0   3  0  0  0  0  12/18  15:52   0:00   3:30 
Roman Josi               0  0  0  -1  2   1  0  1  0  0  0/0    22:38   4:46   2:37 
Ryan Reaves              0  0  0  -1  0   0  0  0  0  0  1/1     3:57   0:00   0:00 
Slater Koekkoek          0  0  0  -1  0   1  0  1  0  0  0/0    16:18   0:00   2:54 
Travis Sanheim           0  0  0  -1  0   1  1  0  0  0  0/0    22:34   5:09   2:39 
Trevor Lewis             0  0  0  -1  0   0  0  0  0  0  0/0     4:09   0:00   0:12 
Tyler Seguin             0  0  0   0  0   3  1  0  0  0  9/19   19:30   5:30   0:00 
Vladislav Namestnikov    0  0  0   0  2   2  1  0  0  0  1/1    20:00   3:59   2:02 
Wayne Simmonds           0  0  0  -1  0   3  2  0  0  0  0/0    17:32   4:25   0:00 

3 Stars

1 - Elvis Merzlikins (SAL)
2 - Mitchell Marner (SAL)
3 - Dylan Larkin (SAL)

Power Play

SALEM BLACK JAYS - 1 on 4 Attempt(s) - 25,00%
SEATTLE GRUNGE - 0 on 5 Attempt(s) - 0,00%

Penalty Kill

SALEM BLACK JAYS - 5 on 5 Attempt(s) - 100,00% - Score 0 goal in Penalty Kill
SEATTLE GRUNGE - 3 on 4 Attempt(s) - 75,00% - Score 0 goal in Penalty Kill

Team Stat

SALEM BLACK JAYS - Hits : 16 - Faceoff Wins : 31 - Blocked Shots : 10 - Penalty Minutes : 10
SEATTLE GRUNGE - Hits : 13 - Faceoff Wins : 41 - Blocked Shots : 3 - Penalty Minutes : 8

Official

Referees : Chris Lee and Brandon Schrader
Linesman : Julien Fournier and Steven Berry

Game Notes

No Game Note

Finance

Level 1 -- Attendance: 6000 (100,00%) -- Ticket Income 720 000 $
Level 2 -- Attendance: 5000 (100,00%) -- Ticket Income 375 000 $
Level 3 -- Attendance: 2701 (90,03%) -- Ticket Income 148 555 $
Level 4 -- Attendance: 4904 (98,08%) -- Ticket Income 171 640 $
Luxury Box -- Attendance: 1000 (100,00%) -- Ticket Income 240 000 $
Total Attendance: 19605 (98,03%)
Total Ticket Income: 1 655 195 $
Other Expense: 16 552 $
Total Income: 1 638 643 $

SALEM BLACK JAYS

5 vs 5 Forward 
   Center                   Left Wing                Right Wing               Time % Phy DF OF 
 1 Mathew Barzal            Josh Leivo               Mitchell Marner          36     0   1  4  
 2 Dylan Larkin             Matthew Calvert          Mikko Rantanen           31     0   1  4  
 3 Casey Cizikas            Andreas Athanasiou       Martin Necas             23     0   2  3  
 4 Filip Chytil             Par Lindholm             Matthew Highmore         10     1   2  2  

5 vs 5 Defense 
   Defense                  Defense                                           Time % Phy DF OF 
 1 Scott Mayfield           Joshua Morrissey                                  36     0   4  1  
 2 Jason Demers             Cody Ceci                                         31     0   4  1  
 3 Travis Dermott           Nick Jensen                                       23     0   4  1  
 4 Scott Mayfield           Cody Ceci                                         10     0   3  2  

PowerPlay Forward 
   Center                   Left Wing                Right Wing               Time % Phy DF OF 
 1 Mathew Barzal            Josh Leivo               Mikko Rantanen           55     0   1  4  
 2 Dylan Larkin             Andreas Athanasiou       Mitchell Marner          45     0   1  4  

PowerPlay Defense
   Defense                  Defense                                           Time % Phy DF OF 
 1 Joshua Morrissey         Travis Dermott                                    55     0   0  5  
 2 Cody Ceci                Scott Mayfield                                    45     0   0  5  

Penalty Kill 4 Players Forward 
   Center                   Wing                     Time % Phy DF OF 
 1 Casey Cizikas            Matthew Highmore         55     1   3  1  
 2 Filip Chytil             Andreas Athanasiou       45     1   3  1  

Penalty Kill 4 Players Defense
   Defense                  Defense                  Time % Phy DF OF 
 1 Scott Mayfield           Nick Jensen              55     1   2  2  
 2 Cody Ceci                Jason Demers             45     1   2  2  

Penalty Kill - 3 Players Forward 
   Forward                                           Time % Phy DF OF 
 1 Casey Cizikas                                     55     1   3  1  
 2 Filip Chytil                                      45     1   3  1  

Penalty Kill - 3 Players Defense
   Defense                  Defense                  Time % Phy DF OF 
 1 Scott Mayfield           Nick Jensen              55     1   2  2  
 2 Cody Ceci                Jason Demers             45     1   2  2  

4 vs 4 Forward 
   Center                   Wing                     Time % Phy DF OF 
 1 Dylan Larkin             Mitchell Marner          55     1   2  2  
 2 Mathew Barzal            Mikko Rantanen           45     1   2  2  

4 vs 4 Defense
   Defense                  Defense                  Time % Phy DF OF 
 1 Nick Jensen              Joshua Morrissey         55     1   2  2  
 2 Cody Ceci                Travis Dermott           45     1   2  2  

Last Minutes Offensive
   Center                   Left Wing                Right Wing               Defense                  Defense                  
   Mathew Barzal            Dylan Larkin             Mitchell Marner          Jason Demers             Joshua Morrissey         

Last Minutes Defensive
   Center                   Left Wing                Right Wing               Defense                  Defense                  
   Mathew Barzal            Dylan Larkin             Mitchell Marner          Jason Demers             Joshua Morrissey         

Goaltenders
Starting : Elvis Merzlikins         
Backup : Juuse Saros              

Extra Forwards
Normal : Casey Cizikas, Martin Necas, Filip Chytil - PP : Casey Cizikas, Filip Chytil - PK : Matthew Calvert
Extra Defensemen
Normal : Nick Jensen, Travis Dermott, Cody Ceci - PP : Nick Jensen - PK : Travis Dermott, Cody Ceci
Penalty Shots
Mikko Rantanen, Mitchell Marner, Mathew Barzal, Dylan Larkin, Josh Leivo
Custom OT Lines Forwards
Mathew Barzal, Dylan Larkin, Mitchell Marner, Mikko Rantanen, Josh Leivo, Matthew Calvert, Casey Cizikas, Martin Necas, Filip Chytil, Andreas Athanasiou
Custom OT Lines Defensemen
Cody Ceci, Joshua Morrissey, Jason Demers, Scott Mayfield, Nick Jensen

Scratches
Michal Kempny (Left Hip Injury), Scott Harrington (Healthy)

SEATTLE GRUNGE

5 vs 5 Forward 
   Center                   Left Wing                Right Wing               Time % Phy DF OF 
 1 Tyler Seguin             Vladislav Namestnikov    Mike Hoffman             37     1   2  2  
 2 Chris Tierney            Josh Bailey              Wayne Simmonds           34     1   2  2  
 3 Morgan Geekie            Carl Hagelin             Marcus Sorensen          23     1   2  2  
 4 Jason Spezza             Trevor Lewis             Ryan Reaves              6      1   2  2  

5 vs 5 Defense 
   Defense                  Defense                                           Time % Phy DF OF 
 1 Roman Josi               David Savard                                      40     1   2  2  
 2 Damon Severson           Travis Sanheim                                    39     1   2  2  
 3 Matthew Grzelcyk         Slater Koekkoek                                   21     1   2  2  
 4 Roman Josi               Damon Severson                                    0      1   2  2  

PowerPlay Forward 
   Center                   Left Wing                Right Wing               Time % Phy DF OF 
 1 Tyler Seguin             Mike Hoffman             Josh Bailey              55     1   2  2  
 2 Chris Tierney            Vladislav Namestnikov    Wayne Simmonds           45     1   2  2  

PowerPlay Defense
   Defense                  Defense                                           Time % Phy DF OF 
 1 Roman Josi               David Savard                                      55     1   2  2  
 2 Damon Severson           Travis Sanheim                                    45     1   2  2  

Penalty Kill 4 Players Forward 
   Center                   Wing                     Time % Phy DF OF 
 1 Morgan Geekie            Josh Bailey              55     1   4  0  
 2 Jason Spezza             Vladislav Namestnikov    45     1   4  0  

Penalty Kill 4 Players Defense
   Defense                  Defense                  Time % Phy DF OF 
 1 Roman Josi               David Savard             55     1   3  1  
 2 Damon Severson           Travis Sanheim           45     1   3  1  

Penalty Kill - 3 Players Forward 
   Forward                                           Time % Phy DF OF 
 1 Chris Tierney                                     55     0   5  0  
 2 Morgan Geekie                                     45     0   5  0  

Penalty Kill - 3 Players Defense
   Defense                  Defense                  Time % Phy DF OF 
 1 Roman Josi               Damon Severson           55     1   4  0  
 2 David Savard             Travis Sanheim           45     1   4  0  

4 vs 4 Forward 
   Center                   Wing                     Time % Phy DF OF 
 1 Tyler Seguin             Mike Hoffman             55     1   2  2  
 2 Chris Tierney            Josh Bailey              45     1   2  2  

4 vs 4 Defense
   Defense                  Defense                  Time % Phy DF OF 
 1 Roman Josi               David Savard             55     1   2  2  
 2 Damon Severson           Travis Sanheim           45     1   2  2  

Last Minutes Offensive
   Center                   Left Wing                Right Wing               Defense                  Defense                  
   Tyler Seguin             Josh Bailey              Mike Hoffman             Roman Josi               Damon Severson           

Last Minutes Defensive
   Center                   Left Wing                Right Wing               Defense                  Defense                  
   Chris Tierney            Vladislav Namestnikov    Josh Bailey              Roman Josi               Damon Severson           

Goaltenders
Starting : Jimmy Howard             
Backup : Semyon Varlamov          

Extra Forwards
Normal : Tyler Seguin, Vladislav Namestnikov, Mike Hoffman - PP : Tyler Seguin, Vladislav Namestnikov - PK : Carl Hagelin
Extra Defensemen
Normal : Matthew Grzelcyk, Slater Koekkoek, Damon Severson - PP : Matthew Grzelcyk - PK : Slater Koekkoek, Damon Severson
Penalty Shots
Tyler Seguin, Mike Hoffman, Josh Bailey, Chris Tierney, Roman Josi
Custom OT Lines Forwards
Mike Hoffman, Tyler Seguin, Josh Bailey, Vladislav Namestnikov, Wayne Simmonds, Chris Tierney, Morgan Geekie, Marcus Sorensen, Carl Hagelin, Jason Spezza
Custom OT Lines Defensemen
Roman Josi, David Savard, Damon Severson, Travis Sanheim, Matthew Grzelcyk

Scratches
Brian Boyle (Sprained Right Ankle Injury), Jake Guentzel (Lacerated Left Calf Injury)

% Time on Ice - SALEM BLACK JAYS

Lines # - Real PCT - Wanted PCT - Time Play
Normal Forward
1 - 34% - 36% - 14:59
2 - 31% - 31% - 13:26
3 - 22% - 23% - 9:22
4 - 13% - 10% - 5:39
Normal Defense
1 - 32% - 36% - 13:54
2 - 34% - 31% - 14:58
3 - 30% - 23% - 13:01
4 - 4% - 10% - 1:33
PP Forward
1 - 41% - 55% - 2:44
2 - 59% - 45% - 3:55
PP Defense
1 - 52% - 55% - 3:28
2 - 48% - 45% - 3:11
PK Forward
1 - 58% - 55% - 5:44
2 - 42% - 45% - 4:11
PK Defense
1 - 56% - 55% - 5:35
2 - 44% - 45% - 4:20
PK3 Forward
1 - 0% - 55%
2 - 0% - 45%
PK3 Defense
1 - 0% - 55%
2 - 0% - 45%
44 Forward
1 - 0% - 55%
2 - 0% - 45%
44 Defense
1 - 0% - 55%
2 - 0% - 45%
Last Minute Offensive  - 0:00
Last Minute Defensive  - 0:00
Total
Forward - 60:00
Defense - 60:00

% Time on Ice - SEATTLE GRUNGE

Lines # - Real PCT - Wanted PCT - Time Play
Normal Forward
1 - 32% - 37% - 14:00
2 - 30% - 34% - 13:07
3 - 28% - 23% - 12:22
4 - 9% - 6% - 3:57
Normal Defense
1 - 33% - 40% - 14:30
2 - 34% - 39% - 14:46
3 - 31% - 21% - 13:24
4 - 2% - 0% - 0:46
PP Forward
1 - 55% - 55% - 5:30
2 - 45% - 45% - 4:25
PP Defense
1 - 48% - 55% - 4:46
2 - 52% - 45% - 5:09
PK Forward
1 - 53% - 55% - 3:30
2 - 47% - 45% - 3:09
PK Defense
1 - 54% - 55% - 3:34
2 - 46% - 45% - 3:05
PK3 Forward
1 - 0% - 55%
2 - 0% - 45%
PK3 Defense
1 - 0% - 55%
2 - 0% - 45%
44 Forward
1 - 0% - 55%
2 - 0% - 45%
44 Defense
1 - 0% - 55%
2 - 0% - 45%
Last Minute Offensive  - 0:00
Last Minute Defensive  - 0:00
Total
Forward - 60:00
Defense - 60:00

Play-by-Play

1st period


0:01 of 1st period - Tyler Seguin wins face-off versus Mathew Barzal in neutral zone.
0:13 of 1st period - Shot by Mitchell Marner.
0:13 of 1st period - Stopped by Jimmy Howard without a rebound.
0:14 of 1st period - Dylan Larkin wins face-off versus Chris Tierney in SEATTLE GRUNGE zone.
1:31 of 1st period - Shot by Casey Cizikas.
1:31 of 1st period - Stopped by Jimmy Howard without a rebound.
1:32 of 1st period - Tyler Seguin wins face-off versus Mathew Barzal in SEATTLE GRUNGE zone.
1:32 of 1st period - Tyler Seguin is hit by Mathew Barzal.
1:38 of 1st period - Shot by Mike Hoffman.
1:38 of 1st period - Stopped by Elvis Merzlikins without a rebound.
1:39 of 1st period - Mathew Barzal wins face-off versus Tyler Seguin in SALEM BLACK JAYS zone.
1:44 of 1st period - Roman Josi is hit by Mathew Barzal and loses puck.
1:58 of 1st period - Shot by Mike Hoffman.
1:58 of 1st period - Shot Misses the Net.
2:04 of 1st period - Shot by Tyler Seguin.
2:04 of 1st period - Stopped by Elvis Merzlikins without a rebound.
2:05 of 1st period - Ryan Reaves wins face-off versus Casey Cizikas in SALEM BLACK JAYS zone.
2:20 of 1st period - Shot by Trevor Lewis.
2:20 of 1st period - Deflect By Ryan Reaves.
2:20 of 1st period - Shot Misses the Net.
2:22 of 1st period - Shot by Damon Severson.
2:22 of 1st period - Stopped by Elvis Merzlikins with a rebound.
2:55 of 1st period - Travis Dermott is hit by Vladislav Namestnikov and loses puck.
3:28 of 1st period - Shot by Mike Hoffman.
3:28 of 1st period - Shot Blocked by Nick Jensen.
3:33 of 1st period - Icing by Nick Jensen.
3:34 of 1st period - Casey Cizikas wins face-off versus Chris Tierney in SALEM BLACK JAYS zone.
4:15 of 1st period - Shot by Josh Bailey.
4:15 of 1st period - Shot Blocked by Mathew Barzal.
4:17 of 1st period - Shot by Slater Koekkoek.
4:17 of 1st period - Stopped by Elvis Merzlikins without a rebound.
4:18 of 1st period - Filip Chytil wins face-off versus Morgan Geekie in SALEM BLACK JAYS zone.
4:18 of 1st period - Filip Chytil is hit by Carl Hagelin.
4:54 of 1st period - Shot by Matthew Highmore.
4:54 of 1st period - Stopped by Jimmy Howard without a rebound.
4:55 of 1st period - Dylan Larkin wins face-off versus Tyler Seguin in SEATTLE GRUNGE zone.
5:58 of 1st period - Mitchell Marner is hit by Travis Sanheim and loses puck.
6:23 of 1st period - Shot by Josh Bailey.
6:23 of 1st period - Shot Misses the Net.
6:25 of 1st period - Shot by Travis Sanheim.
6:25 of 1st period - Stopped by Elvis Merzlikins without a rebound.
6:26 of 1st period - Morgan Geekie wins face-off versus Filip Chytil in SALEM BLACK JAYS zone.
6:35 of 1st period - Icing by Filip Chytil.
6:36 of 1st period - Jason Spezza wins face-off versus Filip Chytil in SALEM BLACK JAYS zone.
7:40 of 1st period - Shot by Mathew Barzal.
7:40 of 1st period - Stopped by Jimmy Howard without a rebound.
7:41 of 1st period - Dylan Larkin wins face-off versus Chris Tierney in SEATTLE GRUNGE zone.
8:17 of 1st period - Shot by Chris Tierney.
8:17 of 1st period - Stopped by Elvis Merzlikins with a rebound.
8:26 of 1st period - Icing by Chris Tierney.
8:27 of 1st period - Mathew Barzal wins face-off versus Chris Tierney in SEATTLE GRUNGE zone.
9:18 of 1st period - Shot by Tyler Seguin.
9:18 of 1st period - Stopped by Elvis Merzlikins without a rebound.
9:19 of 1st period - Morgan Geekie wins face-off versus Casey Cizikas in SALEM BLACK JAYS zone.
9:27 of 1st period - Minor Penalty to Travis Dermott for Hooking.
9:28 of 1st period - Casey Cizikas wins face-off versus Tyler Seguin in SALEM BLACK JAYS zone.
9:45 of 1st period - Shot by Josh Bailey.
9:45 of 1st period - Stopped by Elvis Merzlikins with a rebound.
9:47 of 1st period - Shot by Travis Sanheim.
9:47 of 1st period - Shot Hit the Post.
9:51 of 1st period - Shot by Damon Severson.
9:51 of 1st period - Shot Blocked by Nick Jensen.
9:53 of 1st period - Shot by Damon Severson.
9:53 of 1st period - Shot Misses the Net.
9:55 of 1st period - Shot by Damon Severson.
9:55 of 1st period - Shot Misses the Net.
9:57 of 1st period - Shot by Damon Severson.
9:57 of 1st period - Shot Blocked by Scott Mayfield.
10:45 of 1st period - Shot by Chris Tierney.
10:45 of 1st period - Stopped by Elvis Merzlikins with a rebound.
10:51 of 1st period - Shot by Vladislav Namestnikov.
10:51 of 1st period - Shot Misses the Net.
10:53 of 1st period - Shot by Vladislav Namestnikov.
10:53 of 1st period - Stopped by Elvis Merzlikins with a rebound.
10:55 of 1st period - Shot by Chris Tierney.
10:55 of 1st period - Stopped by Elvis Merzlikins with a rebound.
11:18 of 1st period - Shot by Tyler Seguin.
11:18 of 1st period - Deflect By Mike Hoffman.
11:18 of 1st period - Shot Misses the Net.
11:20 of 1st period - Shot by Damon Severson.
11:20 of 1st period - Stopped by Elvis Merzlikins without a rebound.
11:21 of 1st period - Chris Tierney wins face-off versus Filip Chytil in SALEM BLACK JAYS zone.
11:42 of 1st period - Shot by Carl Hagelin.
11:42 of 1st period - Shot Misses the Net.
12:28 of 1st period - Icing by Dylan Larkin.
12:29 of 1st period - Mikko Rantanen wins face-off versus Tyler Seguin in SALEM BLACK JAYS zone.
12:35 of 1st period - Icing by Cody Ceci.
12:36 of 1st period - Tyler Seguin wins face-off versus Dylan Larkin in SALEM BLACK JAYS zone.
12:37 of 1st period - Shot by Mike Hoffman.
12:37 of 1st period - Shot Blocked by Cody Ceci.
12:39 of 1st period - Shot by Vladislav Namestnikov.
12:39 of 1st period - Shot Misses the Net.
12:41 of 1st period - Shot by David Savard.
12:41 of 1st period - Stopped by Elvis Merzlikins without a rebound.
12:42 of 1st period - Tyler Seguin wins face-off versus Mitchell Marner in SALEM BLACK JAYS zone.
12:57 of 1st period - Shot by Mitchell Marner.
12:57 of 1st period - Deflect By Mathew Barzal.
12:57 of 1st period - Stopped by Jimmy Howard with a rebound.
13:01 of 1st period - Shot by Mathew Barzal.
13:01 of 1st period - Stopped by Jimmy Howard with a rebound.
13:03 of 1st period - Shot by Josh Leivo.
13:03 of 1st period - Shot Misses the Net.
13:52 of 1st period - Shot by Andreas Athanasiou.
13:52 of 1st period - Stopped by Jimmy Howard without a rebound.
13:53 of 1st period - Chris Tierney wins face-off versus Filip Chytil in SEATTLE GRUNGE zone.
14:02 of 1st period - Icing by Damon Severson.
14:03 of 1st period - Dylan Larkin wins face-off versus Chris Tierney in SEATTLE GRUNGE zone.
14:30 of 1st period - Shot by Matthew Calvert.
14:30 of 1st period - Stopped by Jimmy Howard without a rebound.
14:31 of 1st period - Morgan Geekie wins face-off versus Mathew Barzal in SEATTLE GRUNGE zone.
14:31 of 1st period - Morgan Geekie is hit by Josh Leivo.
14:41 of 1st period - Shot by Morgan Geekie.
14:41 of 1st period - Stopped by Elvis Merzlikins without a rebound.
14:42 of 1st period - Casey Cizikas wins face-off versus Jason Spezza in SALEM BLACK JAYS zone.
15:02 of 1st period - Shot by Martin Necas.
15:02 of 1st period - Shot Misses the Net.
15:04 of 1st period - Shot by Casey Cizikas.
15:04 of 1st period - Goal by Casey Cizikas - SALEM BLACK JAYS : 1 - SEATTLE GRUNGE : 0.
15:05 of 1st period - Chris Tierney wins face-off versus Mathew Barzal in neutral zone.
16:27 of 1st period - Martin Necas is hit by Damon Severson and loses puck.
16:40 of 1st period - Minor Penalty to Vladislav Namestnikov for High sticking.
16:41 of 1st period - Morgan Geekie wins face-off versus Mathew Barzal in SEATTLE GRUNGE zone.
17:55 of 1st period - Shot by Dylan Larkin.
17:55 of 1st period - Stopped by Jimmy Howard with a rebound.
18:36 of 1st period - Shot by Damon Severson.
18:36 of 1st period - Shot Misses the Net.
19:26 of 1st period - Mike Hoffman is hit by Casey Cizikas and loses puck.
19:54 of 1st period - Carl Hagelin is hit by Jason Demers and loses puck.
Goals for this period are 1 for SALEM BLACK JAYS vs 0 for SEATTLE GRUNGE.
Shots for this period are 10 for SALEM BLACK JAYS vs 14 for SEATTLE GRUNGE.

2nd period


0:01 of 2nd period - Chris Tierney wins face-off versus Mathew Barzal in neutral zone.
1:22 of 2nd period - Shot by Mikko Rantanen.
1:22 of 2nd period - Shot Misses the Net.
1:51 of 2nd period - Shot by Tyler Seguin.
1:51 of 2nd period - Shot Misses the Net.
5:40 of 2nd period - Icing by Scott Mayfield.
5:41 of 2nd period - Chris Tierney wins face-off versus Josh Leivo in SALEM BLACK JAYS zone.
5:41 of 2nd period - Minor Penalty to Scott Mayfield for Interference.
5:42 of 2nd period - Chris Tierney wins face-off versus Matthew Calvert in SALEM BLACK JAYS zone.
5:57 of 2nd period - Shot by Roman Josi.
5:57 of 2nd period - Shot Misses the Net.
5:59 of 2nd period - Shot by Josh Bailey.
5:59 of 2nd period - Shot Misses the Net.
6:05 of 2nd period - Shot by Josh Bailey.
6:05 of 2nd period - Shot Misses the Net.
6:07 of 2nd period - Shot by Wayne Simmonds.
6:07 of 2nd period - Stopped by Elvis Merzlikins without a rebound.
6:08 of 2nd period - Matthew Calvert wins face-off versus Tyler Seguin in SALEM BLACK JAYS zone.
6:08 of 2nd period - Matthew Calvert is hit by Mike Hoffman.
7:10 of 2nd period - Shot by Vladislav Namestnikov.
7:10 of 2nd period - Shot Blocked by Filip Chytil.
7:12 of 2nd period - Shot by Vladislav Namestnikov.
7:12 of 2nd period - Shot Blocked by Filip Chytil.
7:26 of 2nd period - Shot by Chris Tierney.
7:26 of 2nd period - Shot Misses the Net.
7:28 of 2nd period - Shot by David Savard.
7:28 of 2nd period - Deflect By Vladislav Namestnikov.
7:28 of 2nd period - Stopped by Elvis Merzlikins without a rebound.
7:29 of 2nd period - Chris Tierney wins face-off versus Mathew Barzal in SALEM BLACK JAYS zone.
8:07 of 2nd period - Shot by Mathew Barzal.
8:07 of 2nd period - Shot Blocked by Slater Koekkoek.
8:09 of 2nd period - Shot by Mathew Barzal.
8:09 of 2nd period - Shot Misses the Net.
8:13 of 2nd period - Shot by Mathew Barzal.
8:13 of 2nd period - Shot Misses the Net.
8:30 of 2nd period - Minor Penalty to Cody Ceci for Interference.
8:31 of 2nd period - Chris Tierney wins face-off versus Casey Cizikas in SALEM BLACK JAYS zone.
10:01 of 2nd period - Icing by Damon Severson.
10:02 of 2nd period - Tyler Seguin wins face-off versus Filip Chytil in SEATTLE GRUNGE zone.
10:21 of 2nd period - Shot by Mike Hoffman.
10:21 of 2nd period - Shot Misses the Net.
10:58 of 2nd period - Shot by Carl Hagelin.
10:58 of 2nd period - Shot Misses the Net.
11:30 of 2nd period - Shot by Mikko Rantanen.
11:30 of 2nd period - Stopped by Jimmy Howard without a rebound.
11:31 of 2nd period - Martin Necas wins face-off versus Jason Spezza in SEATTLE GRUNGE zone.
12:38 of 2nd period - Shot by Dylan Larkin.
12:38 of 2nd period - Deflect By Mikko Rantanen.
12:38 of 2nd period - Stopped by Jimmy Howard without a rebound.
12:39 of 2nd period - Tyler Seguin wins face-off versus Mathew Barzal in SEATTLE GRUNGE zone.
12:39 of 2nd period - Tyler Seguin is hit by Josh Leivo.
13:09 of 2nd period - Shot by Mitchell Marner.
13:09 of 2nd period - Deflect By Mathew Barzal.
13:09 of 2nd period - Shot Misses the Net.
13:13 of 2nd period - Shot by Josh Leivo.
13:13 of 2nd period - Deflect By Mathew Barzal.
13:13 of 2nd period - Shot Misses the Net.
13:33 of 2nd period - Icing by Dylan Larkin.
13:34 of 2nd period - Chris Tierney wins face-off versus Dylan Larkin in SALEM BLACK JAYS zone.
13:41 of 2nd period - Shot by Mikko Rantanen.
13:41 of 2nd period - Stopped by Jimmy Howard with a rebound.
13:43 of 2nd period - Shot by Scott Mayfield.
13:43 of 2nd period - Stopped by Jimmy Howard with a rebound.
13:45 of 2nd period - Shot by Matthew Calvert.
13:45 of 2nd period - Stopped by Jimmy Howard without a rebound.
13:46 of 2nd period - Casey Cizikas wins face-off versus Morgan Geekie in SEATTLE GRUNGE zone.
13:55 of 2nd period - Shot by Martin Necas.
13:55 of 2nd period - Shot Misses the Net.
13:58 of 2nd period - Icing by David Savard.
13:59 of 2nd period - Morgan Geekie wins face-off versus Dylan Larkin in SEATTLE GRUNGE zone.
14:08 of 2nd period - Shot by Matthew Calvert.
14:08 of 2nd period - Stopped by Jimmy Howard without a rebound.
14:09 of 2nd period - Mathew Barzal wins face-off versus Chris Tierney in SEATTLE GRUNGE zone.
14:09 of 2nd period - Mathew Barzal is hit by Damon Severson.
14:10 of 2nd period - Minor Penalty to Damon Severson for Hooking.
14:11 of 2nd period - Morgan Geekie wins face-off versus Mathew Barzal in SEATTLE GRUNGE zone.
14:11 of 2nd period - Morgan Geekie is hit by Josh Leivo.
14:29 of 2nd period - Shot by Mathew Barzal.
14:29 of 2nd period - Shot Misses the Net.
14:31 of 2nd period - Shot by Josh Leivo.
14:31 of 2nd period - Shot Misses the Net.
14:40 of 2nd period - Shot by Mikko Rantanen.
14:40 of 2nd period - Stopped by Jimmy Howard with a rebound.
14:42 of 2nd period - Shot by Mathew Barzal.
14:42 of 2nd period - Shot Misses the Net.
14:44 of 2nd period - Shot by Mikko Rantanen.
14:44 of 2nd period - Stopped by Jimmy Howard with a rebound.
14:55 of 2nd period - Off-side.
14:56 of 2nd period - Jason Spezza wins face-off versus Dylan Larkin in neutral zone.
15:21 of 2nd period - Shot by Dylan Larkin.
15:21 of 2nd period - Shot Misses the Net.
15:29 of 2nd period - Shot by Mitchell Marner.
15:29 of 2nd period - Shot Misses the Net.
15:31 of 2nd period - Shot by Mitchell Marner.
15:31 of 2nd period - Shot Misses the Net.
15:33 of 2nd period - Shot by Mitchell Marner.
15:33 of 2nd period - Shot Misses the Net.
15:35 of 2nd period - Shot by Dylan Larkin.
15:35 of 2nd period - Shot Blocked by Roman Josi.
16:17 of 2nd period - Shot by Wayne Simmonds.
16:17 of 2nd period - Stopped by Elvis Merzlikins with a rebound.
16:19 of 2nd period - Shot by Chris Tierney.
16:19 of 2nd period - Stopped by Elvis Merzlikins with a rebound.
16:31 of 2nd period - Filip Chytil is hit by Wayne Simmonds and loses puck.
16:39 of 2nd period - Damon Severson is hit by Cody Ceci and loses puck.
16:58 of 2nd period - Morgan Geekie is hit by Matthew Highmore and loses puck.
17:22 of 2nd period - Matthew Grzelcyk is hit by Matthew Calvert and loses puck.
18:56 of 2nd period - Shot by Martin Necas.
18:56 of 2nd period - Stopped by Jimmy Howard with a rebound.
19:06 of 2nd period - Icing by Slater Koekkoek.
19:07 of 2nd period - Morgan Geekie wins face-off versus Dylan Larkin in SEATTLE GRUNGE zone.
19:42 of 2nd period - Shot by Mikko Rantanen.
19:42 of 2nd period - Stopped by Jimmy Howard with a rebound.
19:44 of 2nd period - Shot by Dylan Larkin.
19:44 of 2nd period - Stopped by Jimmy Howard without a rebound.
19:45 of 2nd period - Chris Tierney wins face-off versus Mathew Barzal in SEATTLE GRUNGE zone.
19:52 of 2nd period - Shot by Mitchell Marner.
19:52 of 2nd period - Stopped by Jimmy Howard without a rebound.
19:53 of 2nd period - Tyler Seguin wins face-off versus Mathew Barzal in SEATTLE GRUNGE zone.
Goals for this period are 0 for SALEM BLACK JAYS vs 0 for SEATTLE GRUNGE.
Shots for this period are 12 for SALEM BLACK JAYS vs 4 for SEATTLE GRUNGE.

3rd period


0:01 of 3rd period - Mathew Barzal wins face-off versus Chris Tierney in neutral zone.
0:19 of 3rd period - Minor Penalty to Roman Josi for Hooking.
0:20 of 3rd period - Dylan Larkin wins face-off versus Morgan Geekie in SEATTLE GRUNGE zone.
0:21 of 3rd period - Shot by Mitchell Marner.
0:21 of 3rd period - Stopped by Jimmy Howard without a rebound.
0:22 of 3rd period - Morgan Geekie wins face-off versus Mathew Barzal in SEATTLE GRUNGE zone.
0:22 of 3rd period - Morgan Geekie is hit by Mathew Barzal.
1:45 of 3rd period - Icing by Scott Mayfield.
1:46 of 3rd period - Morgan Geekie wins face-off versus Dylan Larkin in SALEM BLACK JAYS zone.
1:55 of 3rd period - Shot by Damon Severson.
1:55 of 3rd period - Shot Blocked by Scott Mayfield.
2:55 of 3rd period - Shot by Vladislav Namestnikov.
2:55 of 3rd period - Shot Misses the Net.
3:15 of 3rd period - Shot by Wayne Simmonds.
3:15 of 3rd period - Stopped by Elvis Merzlikins without a rebound.
3:16 of 3rd period - Jason Spezza wins face-off versus Mathew Barzal in SALEM BLACK JAYS zone.
3:21 of 3rd period - Shot by Jason Spezza.
3:21 of 3rd period - Shot Misses the Net.
3:23 of 3rd period - Shot by David Savard.
3:23 of 3rd period - Stopped by Elvis Merzlikins without a rebound.
3:24 of 3rd period - Morgan Geekie wins face-off versus Dylan Larkin in SALEM BLACK JAYS zone.
3:39 of 3rd period - Icing by Jason Demers.
3:40 of 3rd period - Chris Tierney wins face-off versus Dylan Larkin in SALEM BLACK JAYS zone.
3:51 of 3rd period - Shot by Dylan Larkin.
3:51 of 3rd period - Shot Misses the Net.
3:53 of 3rd period - Shot by Cody Ceci.
3:53 of 3rd period - Shot Misses the Net.
3:55 of 3rd period - Shot by Dylan Larkin.
3:55 of 3rd period - Goal by Dylan Larkin - SALEM BLACK JAYS : 2 - SEATTLE GRUNGE : 0.
3:56 of 3rd period - Morgan Geekie wins face-off versus Mathew Barzal in neutral zone.
4:04 of 3rd period - Icing by Scott Mayfield.
4:05 of 3rd period - Tyler Seguin wins face-off versus Mathew Barzal in SALEM BLACK JAYS zone.
4:08 of 3rd period - Shot by Mike Hoffman.
4:08 of 3rd period - Stopped by Elvis Merzlikins without a rebound.
4:09 of 3rd period - Mathew Barzal wins face-off versus Tyler Seguin in SALEM BLACK JAYS zone.
6:20 of 3rd period - Shot by Morgan Geekie.
6:20 of 3rd period - Stopped by Elvis Merzlikins without a rebound.
6:21 of 3rd period - Jason Spezza wins face-off versus Filip Chytil in SALEM BLACK JAYS zone.
6:37 of 3rd period - Minor Penalty to Filip Chytil for Elbowing.
6:38 of 3rd period - Josh Bailey wins face-off versus Casey Cizikas in SALEM BLACK JAYS zone.
7:07 of 3rd period - Shot by Josh Bailey.
7:07 of 3rd period - Stopped by Elvis Merzlikins without a rebound.
7:08 of 3rd period - Chris Tierney wins face-off versus Matthew Calvert in SALEM BLACK JAYS zone.
7:25 of 3rd period - Shot by Roman Josi.
7:25 of 3rd period - Stopped by Elvis Merzlikins with a rebound.
7:27 of 3rd period - Shot by David Savard.
7:27 of 3rd period - Shot Misses the Net.
7:29 of 3rd period - Shot by David Savard.
7:29 of 3rd period - Shot Blocked by Cody Ceci.
7:31 of 3rd period - Shot by Roman Josi.
7:31 of 3rd period - Shot Misses the Net.
8:40 of 3rd period - Shot by Morgan Geekie.
8:40 of 3rd period - Stopped by Elvis Merzlikins with a rebound.
9:32 of 3rd period - Shot by Mikko Rantanen.
9:32 of 3rd period - Shot Misses the Net.
9:40 of 3rd period - Shot by Matthew Calvert.
9:40 of 3rd period - Stopped by Jimmy Howard without a rebound.
9:41 of 3rd period - Casey Cizikas wins face-off versus Tyler Seguin in SEATTLE GRUNGE zone.
9:44 of 3rd period - Shot by Joshua Morrissey.
9:44 of 3rd period - Shot Misses the Net.
9:48 of 3rd period - Shot by Andreas Athanasiou.
9:48 of 3rd period - Shot Blocked by David Savard.
10:08 of 3rd period - Shot by Martin Necas.
10:08 of 3rd period - Shot Misses the Net.
10:14 of 3rd period - Shot by Casey Cizikas.
10:14 of 3rd period - Stopped by Jimmy Howard without a rebound.
10:15 of 3rd period - Mathew Barzal wins face-off versus Chris Tierney in SEATTLE GRUNGE zone.
10:15 of 3rd period - Mitchell Marner is hit by Damon Severson.
10:21 of 3rd period - Shot by Mitchell Marner.
10:21 of 3rd period - Stopped by Jimmy Howard with a rebound.
10:23 of 3rd period - Shot by Mitchell Marner.
10:23 of 3rd period - Stopped by Jimmy Howard with a rebound.
10:47 of 3rd period - Shot by Josh Leivo.
10:47 of 3rd period - Stopped by Jimmy Howard without a rebound.
10:48 of 3rd period - Dylan Larkin wins face-off versus Tyler Seguin in SEATTLE GRUNGE zone.
10:51 of 3rd period - Shot by Mikko Rantanen.
10:51 of 3rd period - Stopped by Jimmy Howard without a rebound.
10:52 of 3rd period - Dylan Larkin wins face-off versus Mike Hoffman in SEATTLE GRUNGE zone.
10:52 of 3rd period - Mikko Rantanen is hit by David Savard and loses puck.
11:24 of 3rd period - Scott Mayfield is hit by David Savard and loses puck.
11:48 of 3rd period - Vladislav Namestnikov is hit by Mitchell Marner.
12:04 of 3rd period - Shot by Mathew Barzal.
12:04 of 3rd period - Shot Misses the Net.
12:06 of 3rd period - Shot by Mitchell Marner.
12:06 of 3rd period - Shot Misses the Net.
12:08 of 3rd period - Shot by Mathew Barzal.
12:08 of 3rd period - Deflect By Mitchell Marner.
12:08 of 3rd period - Stopped by Jimmy Howard with a rebound.
12:52 of 3rd period - Wayne Simmonds is hit by Cody Ceci and loses puck.
13:43 of 3rd period - Shot by Martin Necas.
13:43 of 3rd period - Stopped by Jimmy Howard without a rebound.
13:44 of 3rd period - Dylan Larkin wins face-off versus Jason Spezza in SEATTLE GRUNGE zone.
13:46 of 3rd period - Mikko Rantanen is hit by David Savard and loses puck.
13:48 of 3rd period - Minor Penalty to David Savard for Hooking.
13:49 of 3rd period - Vladislav Namestnikov wins face-off versus Dylan Larkin in SEATTLE GRUNGE zone.
13:49 of 3rd period - Vladislav Namestnikov is hit by Dylan Larkin.
14:06 of 3rd period - Icing by Dylan Larkin.
14:07 of 3rd period - Dylan Larkin wins face-off versus Morgan Geekie in SALEM BLACK JAYS zone.
14:30 of 3rd period - Shot by Mitchell Marner.
14:30 of 3rd period - Goal by Mitchell Marner - SALEM BLACK JAYS : 3 - SEATTLE GRUNGE : 0.
14:31 of 3rd period - Filip Chytil wins face-off versus Mike Hoffman in neutral zone.
14:31 of 3rd period - Filip Chytil is hit by Tyler Seguin.
15:38 of 3rd period - Icing by Damon Severson.
15:39 of 3rd period - Morgan Geekie wins face-off versus Casey Cizikas in SEATTLE GRUNGE zone.
15:51 of 3rd period - Minor Penalty to Nick Jensen for Interference.
15:52 of 3rd period - Casey Cizikas wins face-off versus Tyler Seguin in SALEM BLACK JAYS zone.
16:38 of 3rd period - Off-side.
16:39 of 3rd period - Chris Tierney wins face-off versus Casey Cizikas in neutral zone.
17:04 of 3rd period - Shot by Damon Severson.
17:04 of 3rd period - Stopped by Elvis Merzlikins without a rebound.
17:05 of 3rd period - Tyler Seguin wins face-off versus Filip Chytil in SALEM BLACK JAYS zone.
17:30 of 3rd period - Shot by Tyler Seguin.
17:30 of 3rd period - Shot Blocked by Scott Mayfield.
17:34 of 3rd period - Shot by Tyler Seguin.
17:34 of 3rd period - Stopped by Elvis Merzlikins with a rebound.
17:58 of 3rd period - Shot by Mitchell Marner.
17:58 of 3rd period - Stopped by Jimmy Howard without a rebound.
17:59 of 3rd period - Mathew Barzal wins face-off versus Morgan Geekie in SEATTLE GRUNGE zone.
18:00 of 3rd period - Shot by Mitchell Marner.
18:00 of 3rd period - Stopped by Jimmy Howard without a rebound.
18:01 of 3rd period - Mathew Barzal wins face-off versus Morgan Geekie in SEATTLE GRUNGE zone.
18:16 of 3rd period - Shot by Josh Leivo.
18:16 of 3rd period - Shot Misses the Net.
18:18 of 3rd period - Shot by Jason Demers.
18:18 of 3rd period - Deflect By Mitchell Marner.
18:18 of 3rd period - Goal by Mitchell Marner - SALEM BLACK JAYS : 4 - SEATTLE GRUNGE : 0.
18:19 of 3rd period - Dylan Larkin wins face-off versus Chris Tierney in neutral zone.
18:26 of 3rd period - Shot by Dylan Larkin.
18:26 of 3rd period - Shot Misses the Net.
18:36 of 3rd period - Shot by Josh Bailey.
18:36 of 3rd period - Stopped by Elvis Merzlikins with a rebound.
18:38 of 3rd period - Shot by Chris Tierney.
18:38 of 3rd period - Stopped by Elvis Merzlikins without a rebound.
18:39 of 3rd period - Mathew Barzal wins face-off versus Tyler Seguin in SALEM BLACK JAYS zone.
18:44 of 3rd period - Roman Josi is hit by Scott Mayfield and loses puck.
18:56 of 3rd period - Vladislav Namestnikov is hit by Scott Mayfield and loses puck.
18:59 of 3rd period - Shot by Mike Hoffman.
18:59 of 3rd period - Stopped by Elvis Merzlikins without a rebound.
19:00 of 3rd period - Dylan Larkin wins face-off versus Chris Tierney in SALEM BLACK JAYS zone.
19:00 of 3rd period - Dylan Larkin is hit by Wayne Simmonds.
Goals for this period are 3 for SALEM BLACK JAYS vs 0 for SEATTLE GRUNGE.
Shots for this period are 14 for SALEM BLACK JAYS vs 12 for SEATTLE GRUNGE.


SCOTT
LAUGHTON
IGOR
SHESTERKIN
ALEX
TUCH

EAST COAST

HOCKEY LEAGUE

  • 9.CHI2QUE6
  • 10.LIM2CHA3
  • 11.LON6TRV4
  • 12.BAL3CHW2
  • 13.MANPIT
  • 14.NHWATL
  • 15.PETWOR
  • 16.RHI